 Dungeon Crawl Stone Soup version 0.22-a0-430-g6609fc6 (webtiles) character file.

41 Megalobster the Ruffian (level 3, -1/28 HPs)
             Began as a Draconian Transmuter on May 26, 2018.
             Slain by Robin
             ... wielding a +0 spear
              (3 damage)
             ... on level 2 of the Dungeon.
             The game lasted 00:02:58 (1057 turns).

Megalobster the Ruffian (Draconian Transmuter)      Turns: 1057, Time: 00:02:59

Health: -1/28      AC:  5    Str: 13    XL:     3   Next: 32%
Magic:  5/6        EV: 12    Int: 13    God:
Gold:   32         SH:  0    Dex: 11    Spells: 5/6 levels left

rFire    . . .     SeeInvis .     - Unarmed
rCold    . . .     Gourm    .   (no shield)
rNeg     . . .     Faith    .   (armour unavailable)
rPois    .         Spirit   .   (helmet restricted)
rElec    .         Reflect  .   (no cloak)
rCorr    .         Harm     .   (no gloves)
MR       .....                  (boots currently unavailable)
Stlth    +.........             (no amulet)
HPRegen  0.09/turn              (no ring)
MPRegen  0.10/turn              (no ring)

@: appendage
A: unfitting armour, talons 3, cold-blooded, AC +5
a: End Transformation


You were on level 2 of the Dungeon.
You were hungry.
You had grown temporary talons.
You visited 1 branch of the dungeon, and saw 2 of its levels.

You collected 32 gold pieces.

Inventory:

Hand Weapons
 j - a +0 dagger
Missiles
 a - 12 arrows
 b - 39 stones (quivered)
Scrolls
 d - a scroll of fog {unknown}
 e - a scroll of fear {unknown}
 h - a scroll of identify {unknown}
Potions
 g - a potion of ambrosia {unknown}
 i - a potion of curing {unknown}
 k - a potion of agility {unknown}
Comestibles
 c - 3 rations
 f - 2 chunks of flesh


   Skills:
 + Level 1.5 Fighting
 + Level 1.9 Dodging
 * Level 3.5 Unarmed Combat
 + Level 2.3 Spellcasting
 * Level 2.6 Transmutations


You had 5 spell levels left.
You knew the following spells:

 Your Spells              Type           Power        Failure   Level  Hunger
a - Beastly Appendage     Tmut           #.....       9%          1    #......

Your spell library contained the following spells:

 Spells                   Type           Power        Failure   Level  Hunger
 Spider Form              Tmut/Pois      #.........   41%         3    ###....
 Blade Hands              Tmut           #.........   93%         5    ######.
 Ice Form                 Ice/Tmut       #.......     82%         4    #####..
 Sticks to Snakes         Tmut           #.......     13%         2    ###....


Dungeon Overview and Level Annotations

Branches:
Dungeon (2/15)

Altars:

Annotations:
D:2 Robin


Innate Abilities, Weirdness & Mutations

Your plain brown scales are hard. (AC +5)
You cannot fit into any form of body armour.
You are cold-blooded and may be slowed by cold attacks.
You have claws for feet.


Message History

Robin hits you with a spear.
* * * LOW HITPOINT WARNING * * *
You see here a goblin corpse.
You take 4 damage, and have 2/28 hp.
Casting: Beastly Appendage (safe; 9% risk of failure)
Confirm with . or Enter, or press ? or * to list all spells.
Your feet morph into talons.
Robin misses you.
You now have 5/6 mp.
You hit Robin but do no damage. Your kick misses Robin.
You punch Robin, but do no damage.
Robin is heavily wounded.
Robin hits you with a spear.
* * * LOW HITPOINT WARNING * * *
You hit Robin but do no damage. Your kick misses Robin.
Robin is heavily wounded.
Robin barely misses you.
You hit Robin but do no damage. You claw Robin.
Your tail-slap misses Robin.
Robin is heavily wounded.
Robin hits you with a spear.
You die...

..##.....## #.##.g.....#
.###.....#####.##.....#.#
## #....<...##.###..###.#
# #.....##.##.###......#
#.....##.##.#........#
########.##.##.#)##.###.#
.....# #.......#.##.# #
####.# ####.####g##.# .#
#.# #.# #@# ..
####.######.# #.# ##
#...........# #........
..##.######## #########
.....# ######


You could see Robin.

Vanquished Creatures
  A dart slug (D:1)
  2 leopard geckos
  A ball python (D:1)
  4 bats (D:1)
  A giant cockroach (D:1)
  8 goblins
  5 hobgoblins
  4 jackals (D:1)
  2 frilled lizards (D:1)
  5 rats
33 creatures vanquished.

Notes
Turn   | Place    | Note
-------+----------+-------------------------------------------
     0 | D:1      | Megalobster the Draconian Transmuter began the quest for the Orb.
     0 | D:1      | Reached XP level 1. HP: 16/16 MP: 3/3
    62 | D:1      | Reached XP level 2. HP: 17/23 MP: 3/5
   835 | D:2      | Reached XP level 3. HP: 28/28 MP: 6/6
  1015 | D:2      | Noticed Robin
  1057 | D:2      | Slain by Robin

Vault maps used:
D:1:      dpeg_arrival_signposts
D:2:      uniq_crazy_yiuf_cottage, uniq_robin, uniq_jessica

Action                   || total
-------------------------++-------
Melee: Unarmed           ||   100
       Tailslap          ||     9
       Kick              ||     6
       Punch             ||     2
       Headbutt          ||     2
Throw: Stone             ||     7
 Cast: Beastly Appendage ||     5
 Stab: Sleeping          ||     3
Armor: Skin              ||    40
Dodge: Dodged            ||    55

Table legend:
 A = Spawn XP
 B = Non-spawn XP
 C = Spawn XP percentage of total XP
 D = Spawn monster count
 E = Non-spawn monster count
 F = Spawn count percentage of total count
 G = Total turns spent on level
                    A         B        C        D         E        F      G
               +---------+---------+-------+---------+---------+-------+---------
         Total |       0 |      59 |   0.0 |       0 |      33 |   0.0 |  1057
               +---------+---------+-------+---------+---------+-------+---------
           D:1 |       0 |      38 |   0.0 |       0 |      22 |   0.0 |   809
           D:2 |       0 |      21 |   0.0 |       0 |      11 |   0.0 |   248
               +---------+---------+-------+---------+---------+-------+---------
